[Event "ICC tourney 2436 (75 10)"]
[Site "Internet Chess Club"]
[Date "2021.03.06"]
[Round "1"]
[White "CONNEEN, CHARLIE CHARLES:ukdl"]
[Black "Ravichandran, Vishwa Balaji:VishwaBalaji"]
[Result "1-0"]
[ICCResult "Black resigns"]
[WhiteElo "1205"]
[BlackElo "942"]
[Opening "French: Tarrasch, open variation, main line"]
[ECO "C09"]
[NIC "FR.22"]
[Time "13:01:42"]
[PlyCount "55"]
[TimeControl "4500+10"]

1. e4 e6 2. d4 d5 3. Nd2 c5 4. exd5 exd5 5. Ngf3 Nc6 6. c3 cxd4 7. Nxd4
Nxd4 8. cxd4 Bb4 9. Qa4+ Bd7 10. Qxb4 Nf6 11. Nf3 b6 12. Ne5 Rc8 13. Bg5 h6
14. Nxd7 hxg5 15. Nxf6+ Qxf6 16. Bb5+ Kd8 17. O-O Qf4 18. g3 Qf6 19. Qb3
Rc4 20. Bxc4 Qh6 21. Rfe1 Qxh2+ 22. Kf1 Qh3+ 23. Ke2 Qg4+ 24. Kd2 Qxd4+ 25.
Bd3 Qxf2+ 26. Re2 Qxg3 27. Qxd5+ Kc8 28. Ba6+ { Black resigns } 1-0

[Event "ICC tourney 2436 (75 10)"]
[Site "Internet Chess Club"]
[Date "2021.03.06"]
[Round "1"]
[White "LA BRECHE, NATHANAEL JOHN:aWildNateDawg"]
[Black "HUA, OLIVER:oxdidi"]
[Result "0-1"]
[ICCResult "White resigns"]
[WhiteElo "1227"]
[BlackElo "993"]
[Opening "Ruy Lopez: 5.O-O"]
[ECO "C78"]
[NIC "RL.12"]
[Time "13:01:52"]
[PlyCount "52"]
[TimeControl "4500+10"]

1. e4 e5 2. Nf3 Nc6 3. Bb5 a6 4. Ba4 Nf6 5. O-O b5 6. Bb3 Bc5 7. Nxe5 Nxe5
8. d4 Bd6 9. dxe5 Bxe5 10. f4 Bd6 11. e5 Bc5+ 12. Kh1 Ne4 13. Qd5 Ng3+ 14.
hxg3 Qe7 15. Qxa8 O-O 16. Qf3 d6 17. exd6 Qxd6 18. Be3 Bd4 19. Bxd4 Qxd4
20. Qc3 Qd6 21. Qe3 Bb7 22. Nd2 Qd7 23. Nf3 Re8 24. Qd3 Qg4 25. Rae1 Rf8
26. Ne5 Qh3+ { White resigns } 0-1

[Event "ICC tourney 2436 (75 10)"]
[Site "Internet Chess Club"]
[Date "2021.03.06"]
[Round "1"]
[White "HELLER, JACK G:Maximusiv"]
[Black "DELABRE, TONY:tdelabre62"]
[Result "1-0"]
[ICCResult "Black resigns"]
[WhiteElo "932"]
[BlackElo "1198"]
[Opening "Petrov: Cochrane gambit"]
[ECO "C42"]
[NIC "RG.03"]
[Time "13:01:44"]
[PlyCount "45"]
[TimeControl "4500+10"]

1. e4 e5 2. Nf3 Nf6 3. Nxe5 d6 4. Nxf7 Kxf7 5. d4 c5 6. dxc5 Qa5+ 7. Nc3
Qxc5 8. Be3 Qc7 9. Bd3 Be7 10. Qe2 Rf8 11. Bc4+ Be6 12. Bxe6+ Kxe6 13.
O-O-O Kf7 14. f4 a6 15. g4 Qc6 16. Bd4 Kg8 17. g5 Ne8 18. h4 Rxf4 19. Nd5
Rf7 20. Rdf1 Nd7 21. Rxf7 Kxf7 22. Rf1+ Kg8 23. Nxe7+ { Black resigns } 1-0

[Event "ICC tourney 2436 (75 10)"]
[Site "Internet Chess Club"]
[Date "2021.03.06"]
[Round "1"]
[White "Perera, Kevin:kevinp"]
[Black "ANGEL, BORYS:BArkadia"]
[Result "1-0"]
[ICCResult "Black checkmated"]
[WhiteElo "1054"]
[BlackElo "1236"]
[Opening "English opening"]
[ECO "A05"]
[NIC "QP.11"]
[Time "13:01:43"]
[PlyCount "107"]
[TimeControl "4500+10"]

1. Nf3 Nf6 2. c4 d6 3. g3 g6 4. Bg2 Bg7 5. O-O O-O 6. Nc3 Nbd7 7. e4 c5 8.
d4 cxd4 9. Nxd4 a6 10. b4 e5 11. Nb3 Qb6 12. a3 Qc7 13. Ra2 Qxc4 14. Bd2
Nb6 15. Na5 Qc7 16. Nd5 Nbxd5 17. exd5 b6 18. Rc2 Qd7 19. Nc6 Bb7 20. Be3
b5 21. Na5 e4 22. Nxb7 Qxb7 23. Rc6 Qd7 24. Bf4 Qf5 25. Rxd6 Rfd8 26. Rxd8+
Rxd8 27. d6 Nh5 28. Be3 Qe6 29. Bc5 Rd7 30. Re1 f5 31. g4 Nf6 32. gxf5 gxf5
33. f3 Bf8 34. fxe4 fxe4 35. Qe2 Rg7 36. Kh1 Bxd6 37. Bxd6 Qxd6 38. Bxe4
Nxe4 39. Qxe4 Qg6 40. Qa8+ Kf7 41. Qe8+ Kf6 42. Qe6+ Kg5 43. Rg1+ Kh6 44.
Qh3+ Qh5 45. Qe6+ Rg6 46. Qe3+ Rg5 47. Rc1 Qg4 48. Rc6+ Kh5 49. Qe8+ Rg6
50. Rc5+ Kh4 51. Qe1+ Kh3 52. Rc3+ Qg3 53. Rxg3+ Rxg3 54. Qxg3# { Black
checkmated } 1-0

[Event "ICC tourney 2436 (75 10)"]
[Site "Internet Chess Club"]
[Date "2021.03.06"]
[Round "1"]
[White "MADSEN, STUART:gmstuartscott"]
[Black "COVEY, THEODORE DEAN:VirginiaGuy"]
[Result "0-1"]
[ICCResult "White resigns"]
[WhiteElo "981"]
[BlackElo "1218"]
[Opening "Queen's gambit declined"]
[ECO "D30"]
[NIC "QP.08"]
[Time "13:02:37"]
[PlyCount "132"]
[TimeControl "4500+10"]

1. d4 d5 2. c4 e6 3. Nf3 Nf6 4. Bf4 Bd6 5. Bg5 Be7 6. Nc3 c6 7. e3 Nbd7 8.
Bf4 O-O 9. Bd3 Re8 10. O-O Nh5 11. Be5 Nhf6 12. a3 Nxe5 13. dxe5 Nd7 14. h4
Bxh4 15. Qc2 h6 16. Be2 Be7 17. Qd2 Qc7 18. Qd4 Qb6 19. Rab1 Qxd4 20. exd4
dxc4 21. Bxc4 Nb6 22. Bb3 Nd5 23. Nxd5 exd5 24. Rbe1 Bf5 25. Re3 Bd8 26.
Rfe1 Ba5 27. R1e2 Bg4 28. Ba2 Bb6 29. b4 Bxf3 30. Rxf3 Bxd4 31. Rf5 Re6 32.
Bb1 Rae8 33. Bd3 Rxe5 34. Kf1 Rxe2 35. Bxe2 Re5 36. Rf4 Bb2 37. a4 Re4 38.
Rxe4 dxe4 39. g4 Bc3 40. b5 c5 41. Bc4 Bd4 42. Ke2 b6 43. Bd5 e3 44. f3 Kf8
45. f4 Ke7 46. f5 Kf6 47. Bc4 Kg5 48. Bxf7 Kxg4 49. Be6 Kg3 50. Bf7 Kf4 51.
Bg6 Kg5 52. a5 bxa5 53. Kf3 a4 54. Bh7 a3 55. Bg8 Kxf5 56. Bb3 h5 57. Bc4
g5 58. Bd3+ Kf6 59. Bc4 Ke5 60. Bb3 g4+ 61. Ke2 Kf4 62. Bf7 g3 63. Kf1 h4
64. b6 axb6 65. Bc4 b5 66. Bxb5 a2 { White resigns } 0-1

[Event "ICC tourney 2436 (75 10)"]
[Site "Internet Chess Club"]
[Date "2021.03.06"]
[Round "1"]
[White "SHAKIROV, DIYOR:Diyor"]
[Black "JIANG, ALBERT:Player1139"]
[Result "1-0"]
[ICCResult "Black checkmated"]
[WhiteElo "1175"]
[BlackElo "320"]
[Opening "Sicilian"]
[ECO "B50"]
[NIC "SI.01"]
[Time "13:01:42"]
[PlyCount "71"]
[TimeControl "4500+10"]

1. e4 c5 2. Nf3 d6 3. c3 Nc6 4. d4 cxd4 5. cxd4 Nf6 6. Nc3 Bg4 7. Be2 e6 8.
O-O Be7 9. d5 Bxf3 10. Bxf3 Ne5 11. dxe6 fxe6 12. Qe2 O-O 13. Rd1 Rc8 14.
Bf4 Ng6 15. Bg3 Ne8 16. Bg4 Nc7 17. Nb5 Qd7 18. Nxd6 Nf4 19. Bxf4 Rxf4 20.
Nxc8 Qxc8 21. Rac1 Kh8 22. Bxe6 Qxe6 23. Rxc7 h6 24. Re1 Bb4 25. Rd1 Rxe4
26. Rd8+ Kh7 27. Qd3 Be7 28. Rdd7 Bf6 29. f3 Bd4+ 30. Rxd4 Qb6 31. Qxe4+
Qg6 32. Qxg6+ Kxg6 33. Rxb7 Kg5 34. Rd5+ Kf4 35. Rb4+ Ke3 36. Re4# { Black
checkmated } 1-0

[Event "ICC tourney 2436 (75 10)"]
[Site "Internet Chess Club"]
[Date "2021.03.06"]
[Round "1"]
[White "GUAN , TSZ YEUNG:DanielGuan"]
[Black "Koo, Jeremy Francis:koojeremy"]
[Result "1-0"]
[ICCResult "Black checkmated"]
[WhiteElo "1280"]
[BlackElo "1064"]
[Opening "QGD: exchange, positional line"]
[ECO "D35"]
[NIC "QP.08"]
[Time "13:01:46"]
[PlyCount "77"]
[TimeControl "4500+10"]

1. d4 d5 2. c4 e6 3. cxd5 exd5 4. Nc3 Nf6 5. Bg5 h6 6. Bh4 c5 7. Nf3 Nc6 8.
dxc5 Bxc5 9. Bxf6 Qxf6 10. Qxd5 Bb4 11. Qb3 Be6 12. Qc2 O-O 13. e4 Rac8 14.
a3 Ba5 15. h3 Rfd8 16. Be2 Nd4 17. Nxd4 Qxd4 18. Rc1 Bc4 19. Rd1 Bxc3+ 20.
bxc3 Qc5 21. Rxd8+ Rxd8 22. a4 Bxe2 23. Kxe2 Qc4+ 24. Ke3 Re8 25. Rd1 f5
26. Rd4 Qc6 27. Qb3+ Kh7 28. Qc4 f4+ 29. Kxf4 Qf6+ 30. Kg3 Rf8 31. f3 Qg5+
32. Kh2 Qf4+ 33. Kg1 Rf6 34. Qd3 Qc1+ 35. Kf2 Rb6 36. e5+ Kg8 37. Rd8+ Kf7
38. Qf5+ Ke7 39. Qd7# { Black checkmated } 1-0

[Event "ICC tourney 2436 (75 10)"]
[Site "Internet Chess Club"]
[Date "2021.03.06"]
[Round "1"]
[White "FENG, AARON:aaronfeng"]
[Black "FINETTE, STEVEN:chess278"]
[Result "1/2-1/2"]
[ICCResult "Game drawn by mutual agreement"]
[WhiteElo "1094"]
[BlackElo "1323"]
[Opening "Caro-Kann: advance variation"]
[ECO "B12"]
[NIC "CK.04"]
[Time "13:01:45"]
[PlyCount "115"]
[TimeControl "4500+10"]

1. e4 c6 2. d4 d5 3. e5 Bf5 4. Nf3 e6 5. Bf4 Nd7 6. Nc3 Ne7 7. Be2 Ng6 8.
Be3 Be7 9. Bd3 Bxd3 10. Qxd3 O-O 11. O-O c5 12. b3 Qa5 13. Ne2 Rac8 14. c4
dxc4 15. bxc4 cxd4 16. Bxd4 Ndxe5 17. Nxe5 Nxe5 18. Bxe5 Qxe5 19. Rab1 Rfd8
20. Qc2 Bd6 21. f4 Bc5+ 22. Kh1 Qc7 23. Qb3 b6 24. Rbc1 Rd2 25. Nc3 Qc6 26.
Rf3 Rcd8 27. Rd1 Rxd1+ 28. Nxd1 Rd2 29. Nc3 Rf2 30. Rxf2 Bxf2 31. h3 h6 32.
Nd1 Qe4 33. Qf3 Qxf3 34. gxf3 Bg3 35. Kg2 Bxf4 36. Nc3 Kf8 37. Nb5 a6 38.
Nd4 Ke8 39. Kf2 Kd7 40. Ke2 Kd6 41. Kd3 Be5 42. Nb3 Kc6 43. Ke4 Bf6 44. Kd3
b5 45. Na5+ Kb6 46. Nb3 bxc4+ 47. Kxc4 a5 48. a4 Be7 49. Nd4 e5 50. Nb5 Kc6
51. Na7+ Kb7 52. Nb5 Kc6 53. Na7+ Kb6 54. Nb5 f5 55. Kd5 Bf6 56. Nd6 g6 57.
Nc4+ Ka6 58. Nxe5 { Game drawn by mutual agreement } 1/2-1/2

[Event "ICC tourney 2436 (75 10)"]
[Site "Internet Chess Club"]
[Date "2021.03.06"]
[Round "2"]
[White "COVEY, THEODORE DEAN:VirginiaGuy"]
[Black "CAO, DANIEL:danielcao"]
[Result "1-0"]
[ICCResult "Black checkmated"]
[WhiteElo "1218"]
[BlackElo "1121"]
[Opening "King's Indian: London system"]
[ECO "A48"]
[NIC "QP.03"]
[Time "16:32:54"]
[PlyCount "55"]
[TimeControl "4500+10"]

1. d4 Nf6 2. Nf3 g6 3. Bf4 Bg7 4. h3 O-O 5. Nbd2 e6 6. e4 d5 7. Bd3 dxe4 8.
Nxe4 Nc6 9. c3 Nd5 10. Bh2 f5 11. Ned2 Re8 12. O-O Kh8 13. Nc4 a5 14. Nce5
Nxe5 15. Nxe5 Bd7 16. Re1 b5 17. Qe2 a4 18. Bxb5 Bxb5 19. Qxb5 a3 20. c4
Bxe5 21. Bxe5+ Nf6 22. b3 Rb8 23. Qc5 Rb7 24. Qxa3 Kg8 25. Qc5 Ne4 26. Qc6
Ra7 27. Rec1 Qh4 28. Qxe8# { Black checkmated } 1-0

[Event "ICC tourney 2436 (75 10)"]
[Site "Internet Chess Club"]
[Date "2021.03.06"]
[Round "2"]
[White "HUA, OLIVER:oxdidi"]
[Black "GUAN , TSZ YEUNG:DanielGuan"]
[Result "1-0"]
[ICCResult "Black resigns"]
[WhiteElo "993"]
[BlackElo "1280"]
[Opening "Sicilian defense"]
[ECO "B30"]
[NIC "SI.31"]
[Time "16:32:56"]
[PlyCount "49"]
[TimeControl "4500+10"]

1. e4 c5 2. Nf3 Nc6 3. Bc4 d6 4. O-O Nf6 5. Nc3 g6 6. d3 Bg7 7. Bg5 O-O 8.
Qd2 Bg4 9. Qe3 Qb6 10. Bb3 Nd4 11. Na4 Qc7 12. Nxd4 cxd4 13. Qxd4 h6 14.
Bxf6 Bxf6 15. e5 Be2 16. Rfe1 Bxe5 17. Qe4 Bh5 18. g4 d5 19. Qxe5 Qxe5 20.
Rxe5 Bxg4 21. Bxd5 Rac8 22. Nc3 Rc7 23. Ree1 a6 24. Bb3 Ra8 25. Nd5 { Black
resigns } 1-0

[Event "ICC tourney 2436 (75 10)"]
[Site "Internet Chess Club"]
[Date "2021.03.06"]
[Round "2"]
[White "HELLER, JACK G:Maximusiv"]
[Black "CONNEEN, CHARLIE CHARLES:ukdl"]
[Result "0-1"]
[ICCResult "White resigns"]
[WhiteElo "932"]
[BlackElo "1205"]
[Opening "Caro-Kann: classical variation"]
[ECO "B18"]
[NIC "CK.10"]
[Time "16:32:54"]
[PlyCount "46"]
[TimeControl "4500+10"]

1. e4 c6 2. d4 d5 3. Nc3 dxe4 4. Nxe4 Bf5 5. Ng3 Bg6 6. Nf3 Nd7 7. Bc4 e6
8. Be3 b5 9. Bb3 Ngf6 10. Qe2 Qc7 11. O-O-O a5 12. a3 a4 13. Ba2 b4 14. Ng5
bxa3 15. Bxe6 axb2+ 16. Kb1 fxe6 17. Nxe6 Qd6 18. Bf4 Qa3 19. Nxg7+ Kf7 20.
Qe6+ Kxg7 21. Nf5+ Bxf5 22. Bh6+ Kxh6 23. Qe3+ Qxe3 { White resigns } 0-1

[Event "ICC tourney 2436 (75 10)"]
[Site "Internet Chess Club"]
[Date "2021.03.06"]
[Round "2"]
[White "ANGEL, BORYS:BArkadia"]
[Black "MADSEN, STUART:gmstuartscott"]
[Result "1-0"]
[ICCResult "Black checkmated"]
[WhiteElo "1236"]
[BlackElo "981"]
[Opening "Giuoco Pianissimo: Italian four knights variation"]
[ECO "C55"]
[NIC "IG.01"]
[Time "16:33:00"]
[PlyCount "51"]
[TimeControl "4500+10"]

1. e4 e5 2. Nf3 Nc6 3. Bc4 Nf6 4. Nc3 Bc5 5. d3 O-O 6. Bg5 Bb4 7. O-O Bxc3
8. bxc3 a6 9. d4 d6 10. h3 b5 11. Bd5 Bb7 12. Nh4 Ne7 13. Bxb7 Rb8 14. Bxa6
c6 15. a4 Nxe4 16. Qg4 Nxc3 17. axb5 cxb5 18. Bxb5 Rxb5 19. Ra7 Ncd5 20.
Nf5 f6 21. Bxf6 g6 22. Nxe7+ Nxe7 23. Bxe7 Qe8 24. Bxf8 Qxf8 25. Qd7 exd4
26. Qxh7# { Black checkmated } 1-0

[Event "ICC tourney 2436 (75 10)"]
[Site "Internet Chess Club"]
[Date "2021.03.06"]
[Round "2"]
[White "HSIAO, OLIVER:OliverHsiao"]
[Black "FENG, AARON:aaronfeng"]
[Result "1-0"]
[ICCResult "Black checkmated"]
[WhiteElo "1249"]
[BlackElo "1094"]
[Opening "Giuoco Pianissimo: Canal variation"]
[ECO "C55"]
[NIC "IG.01"]
[Time "16:32:52"]
[PlyCount "51"]
[TimeControl "4500+10"]

1. e4 e5 2. Nf3 Nc6 3. Bc4 Nf6 4. d3 Bc5 5. Nc3 d6 6. Bg5 h6 7. Bh4 Bg4 8.
h3 Bh5 9. g4 Bg6 10. Nd5 h5 11. Nxf6+ gxf6 12. g5 fxg5 13. Nxg5 f6 14. Ne6
Qe7 15. Qf3 Nd4 16. Nxd4 Bxd4 17. c3 Bb6 18. Bxf6 Qf8 19. Rg1 Rh6 20. Ke2
Kd7 21. Rxg6 Rxg6 22. Qf5+ Kc6 23. Bd5+ Kb5 24. a4+ Ka6 25. Bc4+ Ka5 26.
b4# { Black checkmated } 1-0

[Event "ICC tourney 2436 (75 10)"]
[Site "Internet Chess Club"]
[Date "2021.03.06"]
[Round "2"]
[White "FINETTE, STEVEN:chess278"]
[Black "SIAMWALLA, ALVIN:cappyal"]
[Result "1-0"]
[ICCResult "Black resigns"]
[WhiteElo "1323"]
[BlackElo "624"]
[Opening "Réti: Nimzovich-Larsen attack"]
[ECO "A06"]
[NIC "QP.09"]
[Time "16:32:55"]
[PlyCount "113"]
[TimeControl "4500+10"]

1. Nf3 d5 2. b3 Nc6 3. Bb2 Nf6 4. e3 a6 5. Be2 Bf5 6. d4 e6 7. O-O Be7 8.
Nbd2 O-O 9. a3 Re8 10. Rc1 Bd6 11. Ne5 Bxe5 12. dxe5 Ne4 13. f3 Nxd2 14.
Qxd2 Qg5 15. f4 Qg6 16. Kh1 Be4 17. Bf3 Bxf3 18. Rxf3 Kf8 19. Rg3 Qe4 20.
Qe2 g6 21. Qg4 d4 22. Qf3 Qxe3 23. Qxe3 dxe3 24. Rxe3 Red8 25. Rd3 Rxd3 26.
cxd3 Rd8 27. Rd1 Nd4 28. Bxd4 Rxd4 29. g3 Ke7 30. Kg2 Kd7 31. Kf3 f5 32.
Ke3 Rd5 33. Rc1 Rb5 34. Rc3 Ra5 35. b4 Rb5 36. d4 a5 37. Rb3 a4 38. Rc3 Rb6
39. Kd3 Rc6 40. Rc4 Rxc4 41. Kxc4 Kc6 42. b5+ Kb6 43. Kb4 h6 44. d5 c5+ 45.
bxc6 bxc6 46. dxe6 Kc7 47. Kxa4 Kd8 48. Kb4 Ke7 49. Kc5 Kxe6 50. Kxc6 g5
51. a4 Ke7 52. a5 Kd8 53. Kb7 gxf4 54. gxf4 Kd7 55. a6 Ke6 56. Kc6 Ke7 57.
a7 { Black resigns } 1-0

[Event "ICC tourney 2436 (75 10)"]
[Site "Internet Chess Club"]
[Date "2021.03.06"]
[Round "2"]
[White "DELABRE, TONY:tdelabre62"]
[Black "Ravichandran, Vishwa Balaji:VishwaBalaji"]
[Result "0-1"]
[ICCResult "White resigns"]
[WhiteElo "1198"]
[BlackElo "942"]
[Opening "French: advance, Paulsen attack"]
[ECO "C02"]
[NIC "FR.03"]
[Time "16:33:08"]
[PlyCount "220"]
[TimeControl "4500+10"]

1. e4 e6 2. d4 d5 3. e5 c5 4. c3 Nc6 5. Nf3 Qb6 6. Be2 cxd4 7. cxd4 Bb4+ 8.
Nc3 Nge7 9. O-O Nf5 10. Be3 Nxe3 11. fxe3 O-O 12. a3 Bxc3 13. bxc3 Qc7 14.
h4 Ne7 15. Qc2 Nf5 16. Qd3 Bd7 17. Kh2 a6 18. Rac1 Bb5 19. Qd2 Bxe2 20.
Qxe2 Rac8 21. e4 dxe4 22. Qxe4 Qc6 23. Qd3 Qc4 24. Qe4 Qd5 25. Qxd5 exd5
26. Rfe1 Rc6 27. g4 Ne7 28. Rc2 Rfc8 29. Rec1 b5 30. Ne1 g6 31. Nd3 Kg7 32.
Nc5 R8c7 33. Re2 Nc8 34. Rf1 Nb6 35. e6 fxe6 36. Nxe6+ Kh6 37. Nxc7 Rxc7
38. Rf3 Nc4 39. Ra2 Nb6 40. Kg3 Na4 41. Rc2 a5 42. Kf2 b4 43. axb4 axb4 44.
Ke2 b3 45. Rc1 b2 46. Rb1 Rxc3 47. Rff1 Rc4 48. Kd3 Rc3+ 49. Kd2 Rc4 50.
Rf4 Kg7 51. Kd3 Rc1 52. Rxb2 Nxb2+ 53. Kd2 Rc4 54. h5 Na4 55. hxg6 hxg6 56.
g5 Nb6 57. Kd3 Nd7 58. Rf1 Nf8 59. Re1 Kf7 60. Re5 Ra4 61. Rxd5 Ke6 62. Ke4
Ra1 63. Rb5 Re1+ 64. Kf4 Nh7 65. Rb6+ Kf7 66. Rb7+ Re7 67. Rb6 Rd7 68. Rb4
Ke6 69. Ra4 Rd5 70. Ra6+ Rd6 71. Ra4 Nf8 72. Ke4 Nd7 73. Rb4 Rd5 74. Kf4
Rf5+ 75. Kg4 Nf8 76. Ra4 Rd5 77. Ra6+ Kf7 78. Ra7+ Kg8 79. Ra4 Ne6 80. Ra8+
Kf7 81. Ra7+ Ke8 82. Ra8+ Rd8 83. Rxd8+ Kxd8 84. d5 Nc7 85. Kf4 Nxd5+ 86.
Ke5 Ne7 87. Kf6 Kd7 88. Ke5 Ng8 89. Kd5 Ke7 90. Ke5 Kf7 91. Kd6 Ne7 92. Ke5
Nf5 93. Kd5 Nh4 94. Ke5 Ng2 95. Kd6 Nf4 96. Ke5 Nd3+ 97. Kd6 Nf4 98. Ke5
Ne6 99. Ke4 Nxg5+ 100. Kf4 Kf6 101. Kg4 Ne6 102. Kf3 Kf5 103. Kg3 Nd4 104.
Kh4 Kf4 105. Kh3 g5 106. Kg2 g4 107. Kh2 Kf3 108. Kg1 g3 109. Kh1 g2+ 110.
Kg1 Ne2+ { White resigns } 0-1

[Event "ICC tourney 2436 (75 10)"]
[Site "Internet Chess Club"]
[Date "2021.03.06"]
[Round "2"]
[White "Koo, Jeremy Francis:koojeremy"]
[Black "LA BRECHE, NATHANAEL JOHN:aWildNateDawg"]
[Result "0-1"]
[ICCResult "White checkmated"]
[WhiteElo "1064"]
[BlackElo "1227"]
[Opening "QGD: 4.Nf3"]
[ECO "D37"]
[NIC "QO.16"]
[Time "16:33:09"]
[PlyCount "108"]
[TimeControl "4500+10"]

1. d4 d5 2. c4 e6 3. Nc3 Nf6 4. Nf3 Nc6 5. Bf4 Bd6 6. Bxd6 Qxd6 7. c5 Qe7
8. e3 O-O 9. Bd3 e5 10. dxe5 Nxe5 11. O-O Nxd3 12. Qxd3 Qxc5 13. Rac1 c6
14. a3 a5 15. Nd4 Qe7 16. Rfe1 Ne4 17. Nxe4 Qxe4 18. Qxe4 dxe4 19. Rc5 Re8
20. a4 Be6 21. Nxe6 Rxe6 22. Rec1 g6 23. R1c4 Rd8 24. g3 Rd1+ 25. Kg2 Rb1
26. Rxa5 Rxb2 27. Ra8+ Kg7 28. a5 Rf6 29. Rxe4 Rfxf2+ 30. Kh3 Rxh2+ 31. Kg4
f5+ 32. Kf4 fxe4 33. Kxe4 Rh5 34. a6 bxa6 35. Rxa6 Rb4+ 36. Kf3 Rc5 37.
Ra7+ Kh6 38. Ra1 Rc2 39. Re1 c5 40. e4 c4 41. Kf4 c3 42. Ke5 Rd2 43. Kf6
Rb6+ 44. Kf7 Rf2+ 45. Ke7 c2 46. e5 Rb1 47. Rxb1 cxb1=Q 48. e6 Qb4+ 49. Kd7
Rd2+ 50. Ke8 Qb8+ 51. Kf7 Rf2+ 52. Ke7 Qc7+ 53. Ke8 Kg7 54. g4 Rf8# { White
checkmated } 0-1

[Event "ICC tourney 2436 (75 10)"]
[Site "Internet Chess Club"]
[Date "2021.03.06"]
[Round "2"]
[White "SHANGIN, LEV:lshangin"]
[Black "JIANG, ALBERT:Player1139"]
[Result "1-0"]
[ICCResult "Black checkmated"]
[WhiteElo "1170"]
[BlackElo "320"]
[Opening "King's Indian defense, 3.Nc3"]
[ECO "E61"]
[NIC "KI.80"]
[Time "16:32:54"]
[PlyCount "91"]
[TimeControl "4500+10"]

1. d4 Nf6 2. c4 g6 3. Nc3 Bg7 4. Nf3 O-O 5. Bf4 d6 6. e3 Nbd7 7. Bd3 Re8 8.
Bc2 e5 9. dxe5 dxe5 10. Nxe5 Nxe5 11. Qxd8 Rxd8 12. Bxe5 c6 13. O-O Be6 14.
Bb3 Rd2 15. Bxf6 Bxf6 16. Ne4 Bxb2 17. Nxd2 Bxa1 18. Rxa1 Rd8 19. Rd1 Rd3
20. Kf1 Kg7 21. Ke2 Rxb3 22. axb3 Bg4+ 23. f3 Be6 24. Ne4 f5 25. Rd6 Bc8
26. Rd8 Be6 27. Nc5 Bf7 28. Nxb7 Kf6 29. Ra8 a5 30. Nxa5 g5 31. Nxc6 h5 32.
Ra6 g4 33. Nd8+ Ke7 34. Nxf7 Kxf7 35. fxg4 hxg4 36. c5 Ke7 37. Rd6 f4 38.
exf4 g3 39. hxg3 Ke8 40. b4 Ke7 41. b5 Ke8 42. b6 Ke7 43. b7 Ke8 44. b8=Q+
Kf7 45. Qc7+ Kg8 46. Rd8# { Black checkmated } 1-0

[Event "ICC tourney 2436 (75 10)"]
[Site "Internet Chess Club"]
[Date "2021.03.06"]
[Round "3"]
[White "CAO, DANIEL:danielcao"]
[Black "ANGEL, BORYS:BArkadia"]
[Result "1-0"]
[ICCResult "Black resigns"]
[WhiteElo "1121"]
[BlackElo "1236"]
[Opening "two knights defense: Wilkes Barre (Traxler) variation"]
[ECO "C57"]
[NIC "KP.01"]
[Time "20:01:39"]
[PlyCount "38"]
[TimeControl "4500+10"]

1. e4 e5 2. Nf3 Nc6 3. Bc4 Nf6 4. Ng5 Bc5 5. Bxf7+ Kf8 6. Bb3 h6 7. Nf7
Bxf2+ 8. Kf1 Qe7 9. Nxh8 d5 10. Ng6+ Ke8 11. Nxe7 Bg4 12. Nxc6 Bxd1 13.
Kxf2 Nxe4+ 14. Ke3 bxc6 15. Rxd1 Kd7 16. Nc3 Ng5 17. d4 exd4+ 18. Kxd4 Kd6
19. Bxg5 hxg5 { Black resigns } 1-0

[Event "ICC tourney 2436 (75 10)"]
[Site "Internet Chess Club"]
[Date "2021.03.06"]
[Round "3"]
[White "SIAMWALLA, ALVIN:cappyal"]
[Black "DELABRE, TONY:tdelabre62"]
[Result "1-0"]
[ICCResult "Black resigns"]
[WhiteElo "624"]
[BlackElo "1198"]
[Opening "Petrov: Cozio (Lasker) attack"]
[ECO "C42"]
[NIC "RG.03"]
[Time "20:01:33"]
[PlyCount "93"]
[TimeControl "4500+10"]

1. e4 e5 2. Nf3 Nf6 3. Nxe5 d6 4. Nf3 Nxe4 5. Qe2 Qe7 6. Nc3 Bf5 7. Nd5 Qd7
8. d3 c6 9. Nc3 d5 10. dxe4 dxe4 11. Nxe4 Be7 12. Bf4 O-O 13. Qe3 Na6 14.
Bd3 Rfe8 15. O-O Bc5 16. Nxc5 Nxc5 17. Qxc5 Bxd3 18. cxd3 Qxd3 19. Qg5 Re6
20. Nh4 h6 21. Qg4 Kh7 22. Nf5 Rg6 23. Qh5 Qe4 24. Bg3 Rg5 25. Nd6 Qd5 26.
Qxf7 Qd4 27. Rab1 Rd8 28. Rfd1 Qb4 29. h3 Rxg3 30. fxg3 Rxd6 31. Rxd6 Qxd6
32. Re1 Qxg3 33. Qf5+ Qg6 34. Qxg6+ Kxg6 35. Re7 Kf6 36. Rxb7 g5 37. Rxa7
c5 38. Ra6+ Ke5 39. Rc6 Kd5 40. Rc8 c4 41. a4 Kd4 42. a5 Kd3 43. a6 Kc2 44.
Rxc4+ Kxb2 45. a7 g4 46. Rxg4 h5 47. Rc4 { Black resigns } 1-0

[Event "ICC tourney 2436 (75 10)"]
[Site "Internet Chess Club"]
[Date "2021.03.06"]
[Round "3"]
[White "SHAKIROV, DIYOR:Diyor"]
[Black "HUA, OLIVER:oxdidi"]
[Result "1-0"]
[ICCResult "Black resigns"]
[WhiteElo "1175"]
[BlackElo "993"]
[Opening "Ruy Lopez: 5.O-O"]
[ECO "C78"]
[NIC "RL.12"]
[Time "20:01:35"]
[PlyCount "118"]
[TimeControl "4500+10"]

1. e4 e5 2. Nf3 Nc6 3. Bb5 a6 4. Ba4 Nf6 5. O-O b5 6. Bb3 Bc5 7. d3 h6 8.
Nc3 O-O 9. h3 d6 10. Qe2 Qe7 11. Nd5 Nxd5 12. Bxd5 Bd7 13. Be3 Bxe3 14.
Qxe3 Qf6 15. c3 Rad8 16. Bxc6 Bxc6 17. d4 exd4 18. Nxd4 Bd7 19. Qg3 Rfe8
20. Rfe1 c5 21. Nf3 Bc6 22. Nd2 Rd7 23. f3 b4 24. Rac1 Qe6 25. b3 bxc3 26.
Rxc3 f5 27. Rce3 Qf6 28. exf5 Rxe3 29. Rxe3 Qxf5 30. Qg4 Qc2 31. Re8+ Kh7
32. Ne4 Qc1+ 33. Kh2 Rf7 34. Re6 Bd7 35. Qg6+ Kg8 36. Nf6+ Rxf6 37. Rxf6
Qg5 38. Qxg5 hxg5 39. Rxd6 Bb5 40. Rd5 c4 41. Rxg5 cxb3 42. axb3 Kf7 43. b4
Kf6 44. Rg4 g5 45. h4 gxh4 46. Rxh4 Kg5 47. Rg4+ Kf5 48. Kg3 Bd3 49. Rf4+
Kg5 50. Rd4 Bb5 51. f4+ Kf5 52. Kh4 Bf1 53. g4+ Kg6 54. Rd6+ Kg7 55. g5 Kf7
56. Rf6+ Kg7 57. f5 Be2 58. Re6 Kf7 59. g6+ Kg7 { Black resigns } 1-0

[Event "ICC tourney 2436 (75 10)"]
[Site "Internet Chess Club"]
[Date "2021.03.06"]
[Round "3"]
[White "MADSEN, STUART:gmstuartscott"]
[Black "Koo, Jeremy Francis:koojeremy"]
[Result "0-1"]
[ICCResult "White resigns"]
[WhiteElo "981"]
[BlackElo "1064"]
[Opening "Queen's gambit declined"]
[ECO "D30"]
[NIC "QP.08"]
[Time "20:01:41"]
[PlyCount "102"]
[TimeControl "4500+10"]

1. d4 d5 2. c4 e6 3. Nf3 c5 4. Bf4 cxd4 5. Qxd4 Nc6 6. Qd1 Nf6 7. e3 Bc5 8.
Bd3 dxc4 9. Bc2 Qxd1+ 10. Bxd1 b5 11. a3 O-O 12. O-O Bb7 13. Bg5 Ne4 14.
Bc2 Nxg5 15. Nxg5 g6 16. Ne4 Be7 17. Nbc3 a6 18. Nc5 Bxc5 19. Ne4 Be7 20.
Rad1 Rfd8 21. Rc1 Ne5 22. Nc3 Bf6 23. e4 Nd3 24. Bxd3 Rxd3 25. f3 Bxc3 26.
bxc3 Rd2 27. h3 Ra2 28. Rfd1 Rxa3 29. Rd7 Bc6 30. Rc7 Be8 31. f4 Ra2 32. e5
Rd2 33. Kh2 a5 34. Rc5 a4 35. h4 a3 36. h5 a2 37. Ra1 Rb2 38. hxg6 hxg6 39.
Rc7 Rb1 40. Rxa2 Rxa2 41. Rc8 Kf8 42. Rb8 Rc2 43. f5 gxf5 44. Rb6 Rxc3 45.
Rd6 Rd3 46. Rb6 Rd5 47. Rb8 Rc5 48. Rb6 c3 49. Rd6 c2 50. Rd3 c1=Q 51. Rh3
Qh1+ { White resigns } 0-1